[Event "International Championship of Central S"]
[Site "Paracin"]
[Date "2014.07.09"]
[Round "7.1"]
[White "Rapport, Richard"]
[Black "Damljanovic, Branko"]
[Result "1-0"]
[ECO "A45"]
[WhiteElo "2701"]
[BlackElo "2562"]
[Annotator "Boban,Milojevic"]
[PlyCount "59"]
[EventDate "2014.??.??"]
[TimeControl "6000+1210"]
[WhiteClock "0:49:33"]
[BlackClock "0:19:42"]

1. d4 Nf6 2. Bg5 Ne4 3. h4 c5 4. dxc5 Qa5+ 5. Nd2 Nxg5 6. hxg5 g6 7. c3 Qxc5 8.
Ne4 Qe5 9. Rh4 Bg7 10. Nf3 Qc7 11. e3 d6 12. Bc4 Nc6 13. Qb3 Nd8 14. Nd4 a6 15.
O-O-O Bxd4 16. exd4 Bf5 17. Ng3 Rc8 18. d5 Bd7 19. Rdh1 b5 20. Rxh7 Rf8 21. Bd3
Qa5 22. Kb1 Nb7 23. Qb4 Qxb4 24. cxb4 Rc7 25. f4 Bc8 26. a3 Nd8 27. Rh8 Nb7 28.
f5 gxf5 29. Nxf5 Bxf5 30. Bxf5 1-0

[Event "International Championship of Central S"]
[Site "Paracin"]
[Date "2014.07.09"]
[Round "7.2"]
[White "Markus, Robert"]
[Black "Atalik, Suat"]
[Result "1/2-1/2"]
[ECO "A05"]
[WhiteElo "2607"]
[BlackElo "2550"]
[Annotator "Boban,Milojevic"]
[PlyCount "42"]
[EventDate "2014.??.??"]
[TimeControl "6000+1285"]
[WhiteClock "0:06:15"]
[BlackClock "0:07:45"]

1. Nf3 Nf6 2. g3 b6 3. Bg2 Bb7 4. O-O c5 5. d3 d5 6. c4 e6 7. cxd5 Nxd5 8. Nc3
Be7 9. Qa4+ Qd7 10. Qg4 h5 11. Qh3 Nc6 12. Nxd5 Qxd5 13. Be3 Bf6 14. Nd2 Qd7
15. Rab1 Be7 16. f4 f5 17. Nc4 Bf6 18. Rfe1 Rd8 19. a4 g6 20. Bd2 Rh7 21. Bc3
Re7 1/2-1/2

[Event "International Championship of Central S"]
[Site "Paracin"]
[Date "2014.07.09"]
[Round "7.3"]
[White "Blagojevic, Dragisa"]
[Black "Nestorovic, Dejan"]
[Result "1/2-1/2"]
[ECO "A40"]
[WhiteElo "2505"]
[BlackElo "2408"]
[Annotator "Boban,Milojevic"]
[PlyCount "79"]
[EventDate "2014.??.??"]
[TimeControl "6000+1485"]
[WhiteClock "0:04:24"]
[BlackClock "0:02:48"]

1. d4 Nf6 2. c4 e6 3. g3 Bb4+ 4. Bd2 Bxd2+ 5. Qxd2 d5 6. Bg2 O-O 7. Nf3 dxc4 8.
Na3 Qd5 9. O-O Nc6 10. e3 Qh5 11. Nxc4 Rd8 12. Rfd1 Bd7 13. Rac1 Be8 14. Qc2
Nd5 15. a3 a5 16. Nce5 a4 17. Nxc6 Bxc6 18. Ne5 Rd6 19. Qc5 f6 20. Nd3 Qe8 21.
e4 Ne7 22. Nb4 Rad8 23. Rd2 R8d7 24. Rcd1 b6 25. Qc4 Ba8 26. Qb5 Rd8 27. Qe2
Nc6 28. Nc2 Na5 29. e5 fxe5 30. Bxa8 Rxa8 31. dxe5 Rdd8 32. Qg4 Rxd2 33. Rxd2
Nb3 34. Rd1 Nc5 35. Qd4 Qh5 36. g4 Qg5 37. Ne3 Rf8 38. Ng2 Nb3 39. Qe4 Nc5 40.
Qd4 1/2-1/2

[Event "International Championship of Central S"]
[Site "Paracin"]
[Date "2014.07.09"]
[Round "7.4"]
[White "Tomic, Bosko"]
[Black "Liou, Yian"]
[Result "1/2-1/2"]
[ECO "B14"]
[WhiteElo "2450"]
[BlackElo "2387"]
[Annotator "Boban,Milojevic"]
[PlyCount "46"]
[EventDate "2014.??.??"]
[TimeControl "6000+735"]
[WhiteClock "0:20:16"]
[BlackClock "0:40:10"]

1. c4 c6 2. e4 d5 3. exd5 cxd5 4. d4 g6 5. Nc3 Nf6 6. cxd5 Nxd5 7. Qb3 Nb6 8.
Bb5+ Bd7 9. Bf4 Bg7 10. Bxd7+ Qxd7 11. Nf3 O-O 12. O-O Nc6 13. Rad1 Rac8 14.
Rfe1 Rfe8 15. Be5 Na5 16. Qb4 Nac4 17. Bxg7 Kxg7 18. Ne5 Nxe5 19. dxe5 Qe6 20.
Qe4 Qc6 21. Qh4 Qe6 22. Qe4 Qc6 23. Qh4 Qe6 1/2-1/2

[Event "International Championship of Central S"]
[Site "Paracin"]
[Date "2014.07.09"]
[Round "7.5"]
[White "Nestorovic, Nikola"]
[Black "Abramovic, Bosko"]
[Result "0-1"]
[ECO "B46"]
[WhiteElo "2439"]
[BlackElo "2443"]
[Annotator "Boban,Milojevic"]
[PlyCount "120"]
[EventDate "2014.??.??"]
[TimeControl "6000+910"]
[WhiteClock "0:13:25"]
[BlackClock "0:49:37"]

1. e4 c5 2. Nf3 e6 3. d4 cxd4 4. Nxd4 Nc6 5. Nc3 a6 6. Nxc6 bxc6 7. Bd3 d5 8.
O-O Nf6 9. Re1 Be7 10. e5 Nd7 11. Qg4 Kf8 12. b3 h5 13. Qd1 Qc7 14. Bb2 Bb7 15.
Na4 c5 16. c4 d4 17. Qe2 g6 18. Bc1 h4 19. h3 Kg7 20. Bd2 Rh5 21. f4 Bc6 22.
Nb2 a5 23. Be4 Rhh8 24. Rf1 Qb7 25. Bxc6 Qxc6 26. Rae1 Nb6 27. a4 Nc8 28. Nd3
Bd8 29. Qf3 Qxf3 30. Rxf3 Bb6 31. f5 exf5 32. Bg5 Bd8 33. Bxd8 Rxd8 34. Nxc5
Ne7 35. Rd1 Nc6 36. e6 Re8 37. exf7 Kxf7 38. Rf4 Re5 39. Nd7 Re4 40. Rdf1 Rae8
41. Nc5 Rxf4 42. Rxf4 Re5 43. Nd3 Re4 44. Kf2 Kf6 45. Rf3 g5 46. Nc5 Re7 47.
Rd3 f4 48. Rd1 Re3 49. Nd3 Kf5 50. Rd2 g4 51. hxg4+ Kxg4 52. b4 axb4 53. a5
Nxa5 54. Nxb4 Rb3 55. Nd5 Nc6 56. Nf6+ Kf5 57. Nd5 d3 58. Ra2 Ne5 59. Ra6 Nxc4
60. Ne7+ Ke4 0-1

[Event "International Championship of Central S"]
[Site "Paracin"]
[Date "2014.07.09"]
[Round "7.6"]
[White "Chandra, Akshat"]
[Black "Egorov, Evgeny"]
[Result "1-0"]
[ECO "B00"]
[WhiteElo "2442"]
[BlackElo "2358"]
[Annotator "Boban,Milojevic"]
[PlyCount "119"]
[EventDate "2014.??.??"]
[TimeControl "6000+765"]
[WhiteClock "0:01:24"]
[BlackClock "0:01:49"]

1. e4 d6 2. d4 g6 3. Nc3 c6 4. f4 d5 5. e5 h5 6. Nf3 Nh6 7. Be3 Bg4 8. h3 Bxf3
9. Qxf3 Nf5 10. Bf2 h4 11. Bd3 e6 12. O-O Be7 13. Ne2 Kf8 14. b3 a5 15. c4 Ba3
16. Rad1 Kg7 17. Nc3 Be7 18. Na4 Kh7 19. Kh1 Kg7 20. Nc5 Ra7 21. Na4 Ra8 22.
Rg1 Rh5 23. Nc3 Nd7 24. Ne2 Qh8 25. cxd5 exd5 26. Kh2 Nf8 27. Rh1 Ne6 28. Be3
Kf8 29. Bxf5 Rxf5 30. g4 hxg3+ 31. Nxg3 Ng7 32. Nxf5 Nxf5 33. Bf2 Ke8 34. Kg2
Kd7 35. h4 Rg8 36. Kf1 Qh5 37. Ke2 Rh8 38. Qxh5 Rxh5 39. Kd3 Ng7 40. Be1 Bd8
41. Rb1 Ne6 42. Bd2 Bb6 43. Be3 Bd8 44. Bd2 Bb6 45. Be3 Bd8 46. Rbf1 Ng7 47.
Ke2 Nf5 48. Bf2 Be7 49. Kd3 Bd8 50. Rb1 Bxh4 51. Bxh4 Nxh4 52. b4 Ng2 53. Rxh5
Nxf4+ 54. Ke3 Nxh5 55. bxa5 Kc8 56. Rf1 Ng7 57. Rxf7 Nf5+ 58. Kd3 Kb8 59. Rf6
Nh4 60. e6 1-0

[Event "International Championship of Central S"]
[Site "Paracin"]
[Date "2014.07.09"]
[Round "7.7"]
[White "Doric, Nenad"]
[Black "Savic, Miodrag R"]
[Result "1/2-1/2"]
[ECO "B01"]
[WhiteElo "2316"]
[BlackElo "2522"]
[Annotator "Boban,Milojevic"]
[PlyCount "156"]
[EventDate "2014.??.??"]
[TimeControl "6000+21290"]
[WhiteClock "0:06:36"]
[BlackClock "0:02:15"]

1. e4 d5 2. exd5 Qxd5 3. Nc3 Qa5 4. d4 c6 5. Nf3 Nf6 6. Bc4 Bf5 7. Bd2 e6 8.
Qe2 Bb4 9. O-O-O Nbd7 10. a3 Bxc3 11. Bxc3 Qc7 12. Ne5 Nxe5 13. dxe5 Nd5 14.
Bd2 O-O-O 15. g4 Bg6 16. f4 h5 17. h3 Qb6 18. Rhf1 hxg4 19. hxg4 Qc5 20. Bb3
Rh3 21. Rf3 Rdh8 22. f5 Rh2 23. Qc4 Qxc4 24. Bxc4 Bh7 25. Bd3 Re8 26. fxe6 fxe6
27. Bxh7 Rxh7 28. Rf7 Reh8 29. Rdf1 Rh1 30. Bb4 Rxf1+ 31. Rxf1 Ne3 32. Rf7 Nc4
33. Kb1 g5 34. Rg7 Nxe5 35. Rxg5 Nd7 36. Bc3 Rh1+ 37. Ka2 Kc7 38. Rg7 Kd6 39.
b4 Rh2 40. Kb2 b5 41. Bd4 a6 42. g5 Rh4 43. c3 e5 44. Ba7 Rg4 45. Kb3 Rg3 46.
Bf2 Rg2 47. Ba7 Rg3 48. Bf2 Rf3 49. Ba7 e4 50. Bd4 Rg3 51. Kc2 Rg2+ 52. Kb3 Ke6
53. a4 Ne5 54. axb5 axb5 55. Bxe5 Kxe5 56. g6 Kf5 57. Rf7+ Kxg6 58. Rc7 Kf5 59.
Rxc6 e3 60. Rc8 e2 61. Re8 Kf4 62. Rf8+ Kg3 63. Re8 Kf2 64. Rf8+ Kg1 65. Re8
Kf1 66. c4 Rg3+ 67. Kc2 bxc4 68. Rf8+ Ke1 69. b5 Rg6 70. Kc3 Re6 71. Kxc4 Kd2
72. Rf2 Rf6 73. Rxe2+ Kxe2 74. Kc5 Kd3 75. b6 Rf7 76. Kc6 Kc4 77. b7 Rf8 78.
Kc7 Kc5 1/2-1/2

[Event "International Championship of Central S"]
[Site "Paracin"]
[Date "2014.07.09"]
[Round "7.1"]
[White "Nakhbayeva, Guliskhan"]
[Black "Kosic, Dragan"]
[Result "0-1"]
[ECO "E56"]
[WhiteElo "2300"]
[BlackElo "2493"]
[Annotator "Boban,Milojevic"]
[PlyCount "89"]
[EventDate "2014.??.??"]
[TimeControl "6000+955"]
[WhiteClock "0:06:55"]
[BlackClock "0:06:46"]

1. d4 Nf6 2. c4 e6 3. Nc3 Bb4 4. e3 O-O 5. Bd3 d5 6. Nf3 c5 7. O-O Nc6 8. cxd5
exd5 9. dxc5 Bxc5 10. h3 a6 11. b3 Re8 12. Bb2 h6 13. Rc1 Ba7 14. Bb1 Be6 15.
Ne2 Ne4 16. Nf4 Rc8 17. Qe2 Qe7 18. Rfd1 Red8 19. a3 Bb8 20. b4 Bxf4 21. exf4
Nd6 22. Rxc6 bxc6 23. f5 Nc4 24. Bd4 Nxa3 25. Bd3 Nb5 26. Ba1 Re8 27. fxe6 Qxe6
28. Qb2 f6 29. Bg6 Re7 30. Qb3 Qd6 31. g3 Rb8 32. Nh4 Qd7 33. Bf5 Qe8 34. Qb1
Na3 35. Qc1 Nc4 36. Ng6 Re2 37. Bxf6 Qf7 38. Qf4 Rxb4 39. Bc3 Rb3 40. Bd4 Re8
41. Qg4 Nd6 42. Bc2 Rb4 43. f4 Rxd4 44. Rxd4 Qa7 45. Qd1 0-1

[Event "International Championship of Central S"]
[Site "Paracin"]
[Date "2014.07.09"]
[Round "7.2"]
[White "Obodchuk, Andrei"]
[Black "Vojinovic, Goran"]
[Result "0-1"]
[ECO "D31"]
[WhiteElo "2374"]
[BlackElo "2460"]
[Annotator "Boban,Milojevic"]
[PlyCount "108"]
[EventDate "2014.??.??"]
[TimeControl "6000+460"]
[WhiteClock "0:41:30"]
[BlackClock "0:42:03"]

1. d4 d5 2. c4 c6 3. Nf3 e6 4. Nc3 dxc4 5. g3 b5 6. Bg2 Bb7 7. a4 a6 8. Ne5 f6
9. Ng4 Nd7 10. O-O Bb4 11. Bd2 Bxc3 12. Bxc3 Ne7 13. e4 O-O 14. b3 c5 15. bxc4
b4 16. Bb2 cxd4 17. Qxd4 Nc6 18. Qd6 Qe7 19. e5 Qxd6 20. exd6 Na5 21. Bxb7 Nxb7
22. a5 Rfc8 23. Ne3 Nxd6 24. Rfd1 Rc6 25. Rd4 Nc5 26. Rb1 Ndb7 27. Nc2 Nxa5 28.
Nxb4 Rb6 29. Ba3 Rab8 30. Rbd1 Rxb4 31. Rd8+ Kf7 32. Bxb4 Rxb4 33. Rc8 Nab3 34.
Rc7+ Kg6 35. Rd8 Rb7 36. Rxb7 Nxb7 37. Ra8 N7c5 38. Ra7 h5 39. f3 e5 40. Kf2 a5
41. Ke3 a4 42. Ra8 Kf5 43. h4 g5 44. hxg5 Kxg5 45. Rg8+ Kf5 46. Rh8 Ke6 47. f4
Na5 48. fxe5 fxe5 49. Rh6+ Ke7 50. Kd2 Ne4+ 51. Kd3 Nxg3 52. Ra6 Nb3 53. Ke3
Nc5 54. Ra5 Kd6 0-1

[Event "International Championship of Central S"]
[Site "Paracin"]
[Date "2014.07.09"]
[Round "7.4"]
[White "Kadric, Denis"]
[Black "Pantelic, Sasa"]
[Result "1/2-1/2"]
[ECO "B34"]
[WhiteElo "2494"]
[BlackElo "2312"]
[Annotator "Boban,Milojevic"]
[PlyCount "132"]
[EventDate "2014.??.??"]
[TimeControl "6000+2930"]
[WhiteClock "0:01:09"]
[BlackClock "0:20:41"]

1. e4 c5 2. Nc3 Nc6 3. Nge2 g6 4. d4 cxd4 5. Nxd4 Bg7 6. Be3 d6 7. Qd2 Nf6 8.
f3 O-O 9. g4 Nxd4 10. Bxd4 Be6 11. h4 Qa5 12. h5 Rac8 13. a3 Bc4 14. O-O-O Bxf1
15. Rhxf1 Rc4 16. Bxf6 Bxf6 17. Nd5 Qxd2+ 18. Rxd2 Bg5 19. f4 e6 20. fxg5 exd5
21. Rxd5 Rxe4 22. Rxd6 Rxg4 23. hxg6 fxg6 24. Rxf8+ Kxf8 25. Rd7 Rxg5 26. Rxh7
Rb5 27. b4 Rb6 28. c4 Ke8 29. Kb2 g5 30. Rg7 g4 31. Rxg4 Kd7 32. Rg7+ Kc8 33.
Kb3 Rh6 34. c5 a6 35. Ka4 Rf6 36. Ka5 Rh6 37. a4 Rf6 38. b5 axb5 39. axb5 Rh6
40. Rg8+ Kd7 41. Rg2 Kc8 42. Rd2 Kc7 43. Rg2 Kc8 44. Rf2 Rg6 45. Rh2 Rf6 46.
Rd2 Kc7 47. Rh2 Kc8 48. Rh8+ Kd7 49. Ra8 Rh6 50. Rf8 Rg6 51. Rf5 Rh6 52. Rg5
Kc8 53. Rg3 Rf6 54. Rd3 Kc7 55. c6 bxc6 56. b6+ Kb8 57. Rd8+ Kb7 58. Rd7+ Kb8
59. Ka6 Rf8 60. Rb7+ Ka8 61. Ra7+ Kb8 62. b7 Kc7 63. Ra8 Rb8 64. Rxb8 Kxb8 65.
Kb6 c5 66. Kxc5 Kxb7 1/2-1/2

[Event "International Championship of Central S"]
[Site "Paracin"]
[Date "2014.07.09"]
[Round "7.5"]
[White "Pikula, Dejan"]
[Black "Sarenac, David"]
[Result "1-0"]
[ECO "B90"]
[WhiteElo "2491"]
[BlackElo "2304"]
[Annotator "Boban,Milojevic"]
[PlyCount "75"]
[EventDate "2014.??.??"]
[TimeControl "6000+1625"]
[WhiteClock "0:50:29"]
[BlackClock "0:03:41"]

1. e4 c5 2. Nf3 d6 3. d4 cxd4 4. Nxd4 Nf6 5. Nc3 a6 6. Be3 e5 7. Nb3 Be6 8. Qd2
Nbd7 9. f4 exf4 10. Bxf4 Ne5 11. O-O-O Be7 12. h3 O-O 13. g4 Qb8 14. Nd5 Bxd5
15. exd5 Nfd7 16. g5 Rc8 17. Nd4 Bf8 18. h4 Rc5 19. Nb3 Rc7 20. h5 a5 21. Nd4
Rc5 22. Bh3 Nb6 23. g6 Nxd5 24. Bxe5 dxe5 25. gxf7+ Kh8 26. Ne6 Nb4 27. Nxc5
Bxc5 28. Kb1 Qf8 29. Qd7 a4 30. a3 Nc6 31. Rhf1 Rd8 32. Qc7 Rb8 33. Rd5 Be7 34.
Rd7 Bc5 35. Bg2 Rc8 36. Qxb7 Nd4 37. Rc7 Rb8 38. Rxc5 1-0

[Event "International Championship of Central S"]
[Site "Paracin"]
[Date "2014.07.09"]
[Round "7.6"]
[White "Vucinic, Gojko"]
[Black "Petrisor, Adrian-Marian"]
[Result "1-0"]
[ECO "B94"]
[WhiteElo "2313"]
[BlackElo "2441"]
[Annotator "Boban,Milojevic"]
[PlyCount "79"]
[EventDate "2014.??.??"]
[TimeControl "6000+1080"]
[WhiteClock "0:26:53"]
[BlackClock "0:00:39"]

1. e4 c5 2. Nf3 d6 3. d4 cxd4 4. Nxd4 Nf6 5. Nc3 a6 6. Bg5 Nbd7 7. Qe2 Qc7 8.
O-O-O e6 9. f4 Be7 10. Kb1 h6 11. Bh4 Nc5 12. e5 dxe5 13. fxe5 Nd5 14. Nxd5
exd5 15. Bxe7 Qxe7 16. g4 Ne4 17. Bg2 Qxe5 18. c4 O-O 19. cxd5 Re8 20. Rhe1 Qf4
21. Ne6 Nc3+ 22. bxc3 fxe6 23. Qe5 Qxe5 24. Rxe5 Rd8 25. d6 Bd7 26. Rc5 Bc6 27.
Bxc6 Rac8 28. Kc2 bxc6 29. Kb3 Kf7 30. Ra5 Ra8 31. Kc4 Kf6 32. Rf1+ Kg6 33. Kc5
Ra7 34. c4 Rc8 35. h4 e5 36. h5+ Kg5 37. Kb6 Rd7 38. Rxe5+ Kxg4 39. Re7 Rcd8
40. Rxd7 1-0

[Event "International Championship of Central S"]
[Site "Paracin"]
[Date "2014.07.09"]
[Round "7.7"]
[White "Zajic, Milan"]
[Black "Radovanovic, Nikola"]
[Result "1-0"]
[ECO "B50"]
[WhiteElo "2415"]
[BlackElo "2303"]
[Annotator "Boban,Milojevic"]
[PlyCount "139"]
[EventDate "2014.??.??"]
[TimeControl "6000+1105"]
[WhiteClock "0:01:34"]
[BlackClock "0:01:16"]

1. e4 c5 2. Nf3 d6 3. c3 Nf6 4. h3 Nc6 5. Bd3 d5 6. e5 Nd7 7. Bb5 e6 8. O-O a6
9. Bxc6 bxc6 10. d3 Be7 11. Re1 O-O 12. c4 Nb6 13. Qe2 Kh8 14. b3 f5 15. exf6
gxf6 16. Bb2 d4 17. Nbd2 Rg8 18. Ne4 e5 19. Ng3 Qc7 20. Bc1 Be6 21. Nh4 Rae8
22. Qh5 Qd7 23. Bh6 Bf8 24. Ne4 Bf7 25. Qf3 Bxh6 26. Nxf6 Qe6 27. Nxe8 Rxe8 28.
Qf5 Qxf5 29. Nxf5 Bf8 30. Rad1 Bg6 31. Ng3 Bh6 32. h4 Nd7 33. Ne4 Bxe4 34. Rxe4
a5 35. Re2 Nf6 36. Kf1 e4 37. g4 Nxg4 38. Rxe4 Rxe4 39. dxe4 Ne5 40. Kg2 Kg7
41. Kg3 Ng6 42. a3 Kf6 43. b4 axb4 44. axb4 Ke5 45. b5 cxb5 46. cxb5 c4 47. b6
Ne7 48. Rb1 Nc6 49. Kf3 c3 50. Rb5+ Kd6 51. Rd5+ Ke7 52. Rc5 Kd6 53. Rd5+ Ke7
54. Rc5 Kd7 55. b7 Nb8 56. e5 Na6 57. Rc4 d3 58. Rxc3 d2 59. Ke2 Bf4 60. Rc8
Bxe5 61. Kxd2 Bc7 62. Rh8 Kc6 63. Rxh7 Nc5 64. Rf7 Nxb7 65. h5 Nd6 66. Rf8 Bb6
67. h6 Ne4+ 68. Kd3 Nc5+ 69. Kc4 Nd7 70. h7 {Kd5+ [%clk 0:01:08]} 1-0

[Event "International Championship of Central S"]
[Site "Paracin"]
[Date "2014.07.09"]
[Round "7.8"]
[White "Livaja, Mario"]
[Black "Miedema, David"]
[Result "0-1"]
[ECO "E34"]
[WhiteElo "2244"]
[BlackElo "2362"]
[Annotator "Boban,Milojevic"]
[PlyCount "140"]
[EventDate "2014.??.??"]
[TimeControl "6000+710"]
[WhiteClock "0:02:04"]
[BlackClock "0:24:01"]

1. d4 e6 2. c4 Nf6 3. Nc3 Bb4 4. Qc2 d5 5. Nf3 c5 6. e3 Nc6 7. a3 Bxc3+ 8. bxc3
O-O 9. Be2 b6 10. O-O Bb7 11. cxd5 exd5 12. c4 cxd4 13. cxd5 Qxd5 14. Rd1 Rac8
15. Qb1 Na5 16. Rxd4 Qe6 17. Ng5 Qe5 18. f4 Qe7 19. Bd2 h6 20. Nf3 Nc6 21. Rc4
Ba6 22. Rxc6 Bxe2 23. Rxc8 Rxc8 24. Nd4 Ba6 25. Qb4 Qe4 26. Rc1 Rxc1+ 27. Bxc1
Qd3 28. Qe1 Nd5 29. Nf3 Nc3 30. Bb2 Ne4 31. h3 f6 32. Nd4 Bc4 33. Kh2 a5 34.
Nf3 Kh7 35. Bd4 Qxa3 36. Bxb6 a4 37. Bd4 Qa2 38. Qa5 Bd5 39. Nh4 Nd6 40. Qc7
Nb5 41. Qd7 Nxd4 42. exd4 Be6 43. Qe8 Bf7 44. Qe4+ g6 45. f5 g5 46. Ng6 Qa3 47.
Qa8 Qd6+ 48. Kh1 Bxg6 49. Qa7+ Bf7 50. Qxf7+ Kh8 51. Qe8+ Kg7 52. Qxa4 h5 53.
Qa7+ Kg8 54. Qc5 Qf4 55. Qd5+ Kg7 56. Qd7+ Kh6 57. d5 g4 58. hxg4 hxg4 59. Qf7
Qxf5 60. Qf8+ Kg5 61. Qg7+ Kf4 62. Qc7+ Qe5 63. Qc1+ Kg3 64. Qa3+ Kh4 65. Qa5
g3 66. Qa4+ Kg5 67. Qd1 f5 68. Kg1 Qh8 69. Qf3 Qa1+ 70. Qf1 Qd4+ 0-1